Description

123

Replay - GAMETIME v Lambo: Game 3 - Interloper LE

Build Order

Get SALT Encoding   

  12  0:17  Spawning Pool  
  11  0:22  Drone x2  
  13  0:31  Drone  
  14  0:41  Overlord  
  15  1:04  Zergling x6  
  17  1:16  Hatchery  
  16  1:18  Zergling x2  
  17  1:28  Zergling x2  
  18  1:34  Queen  
  18  1:39  Zergling x2  
  21  1:44  Extractor  
  20  1:48  Drone  
  21  1:59  Drone  
  22  2:10  Overlord  
  22  2:24  Overlord  
  22  2:27  Queen  
  24  2:30  Zergling x2  
  24  2:36  Zergling x2  
  24  2:41  Zergling x4  
  22  2:51  Metabolic Boost  
  22  2:59  Overlord  
  35  4:06  Drone  
Spawning Tool Build Advisor. Get it on Overwolf

Analysis

123

Go to:

Details

  • Created by: threthon
  • Published on: Dec 04, 2021
  • Modified on: Dec 04, 2021
  • Patch: 4.11.0
  • Difficulty: Medium
Show
View Real Time Build Order
Export as new Build Order

Comments (0)

There are no comments. Be the first!

Create an account to comment!